MLB
ARIZONA DIAMONDBACKS @ LOS ANGELES DODGERS
09/02/2044
 
TOP OF THE 1ST
Arizona Diamondbacks batting - Pitching for Los Angeles Dodgers : RHP Ray Scifo
Pitching: RHP Ray Scifo
Batting: LHB Roy Steigerwald 0-0: Ball
1-0: Swinging Strike
1-1: Foul Ball, location: 2F
1-2: Ground out 4-3 (Groundball, 4M, EV 102.5 MPH)
Batting: RHB David Price Jr. 0-0: Ball
1-0: Called Strike
1-1: Ball
2-1: Swinging Strike
2-2: Foul Ball, location: 2F
2-2: Foul Ball, location: 2F
2-2: Foul Ball, location: 2F
2-2: Ball
3-2: DOUBLE (Line Drive, 7LM, EV 98.1 MPH)
Batting: LHB Eric Klasek 0-0: Ball
1-0: Ball
2-0: Called Strike
2-1: Ball
3-1: Foul Ball, location: 2F
3-2: Fly out, F8 (Flyball, 78M, EV 78.8 MPH)
Batting: SHB Alec Thorpe 0-0: Called Strike
0-1: Fly out, F7 (Flyball, 7, EV 90.0 MPH)
Top of the 1st over - 0 runs, 1 hit, 0 errors, 1 left on base; Arizona 0 - Los Angeles 0
BOTTOM OF THE 1ST
Los Angeles Dodgers batting - Pitching for Arizona Diamondbacks : RHP Art Nobles
Pitching: RHP Art Nobles
Batting: SHB Joel Baker 0-0: Ball
1-0: Fly out, F7 (Line Drive, 7S, EV 100.6 MPH)
Batting: LHB Chris Ringwood 0-0: Ball
1-0: Ball
2-0: Ball
3-0: Called Strike
3-1: Base on Balls
Batting: LHB Bob Branham 0-0: Called Strike
0-1: Ball
1-1: Fly out, F7 (Line Drive, 7D, EV 91.9 MPH)
Batting: LHB Lirak Bazhunaishvili 0-0: Ball
1-0: Called Strike
1-1: Ball
2-1: Fielders Choice at 2nd, 6-4 (Groundball, 56, EV 107.5 MPH)
Bottom of the 1st over - 0 runs, 0 hits, 0 errors, 1 left on base; Arizona 0 - Los Angeles 0
TOP OF THE 2ND
Arizona Diamondbacks batting - Pitching for Los Angeles Dodgers : RHP Ray Scifo
Batting: LHB Danny Dunham 0-0: Ball
1-0: SINGLE (Groundball, 13S, EV 71.2 MPH) (infield hit)
Batting: SHB Perry Tuckfard 0-0: Called Strike
0-1: Grounds into double play, 6-4-3 (Groundball, 6, EV 82.5 MPH)
Batting: LHB Kyle Beaulieu 0-0: Called Strike
0-1: Ball
1-1: Swinging Strike
1-2: Ground out U3 (Groundball, 3, EV 88.1 MPH)
Top of the 2nd over - 0 runs, 1 hit, 0 errors, 0 left on base; Arizona 0 - Los Angeles 0
BOTTOM OF THE 2ND
Los Angeles Dodgers batting - Pitching for Arizona Diamondbacks : RHP Art Nobles
Batting: RHB Clay Buchanan 0-0: Ball
1-0: Fly out, F4 (Flyball, 34D, EV 83.1 MPH)
Batting: SHB Carlos Rodriguez 0-0: Foul Ball, location: 2F
0-1: Ground out 4-3 (Groundball, 4, EV 106.2 MPH)
Batting: LHB Ryan Taylor 0-0: Ball
1-0: Called Strike
1-1: Ball
2-1: Fly out, F5 (Popup, 5SF, EV 84.4 MPH)
Bottom of the 2nd over - 0 runs, 0 hits, 0 errors, 0 left on base; Arizona 0 - Los Angeles 0
TOP OF THE 3RD
Arizona Diamondbacks batting - Pitching for Los Angeles Dodgers : RHP Ray Scifo
Batting: RHB Mario Soto 0-0: Swinging Strike
0-1: Ball
1-1: Foul Ball, location: 2F
1-2: Ground out 5-3 (Groundball, 5, EV 106.9 MPH)
Batting: SHB Troy McClure 0-0: TRIPLE (Line Drive, 7D, EV 91.9 MPH)
Batting: LHB Roy Steigerwald 0-0: Called Strike
0-1: Foul Ball, location: 2F
0-2: Ball
1-2: Ball
2-2: Fly out, F8 (Flyball, 8LD, EV 101.9 MPH)
Runner from 3rd tags up, SCORES, no throw by CF
Batting: RHB David Price Jr. 0-0: Ball
1-0: Ground out 3-1 (Groundball, 34, EV 90.0 MPH)
Top of the 3rd over - 1 run, 1 hit, 0 errors, 0 left on base; Arizona 1 - Los Angeles 0
BOTTOM OF THE 3RD
Los Angeles Dodgers batting - Pitching for Arizona Diamondbacks : RHP Art Nobles
Batting: RHB Tsutomu Irie 0-0: Bunt for hit to 23 - play at first, batter safe!
Batting: RHB Ben Mischnick 0-0: Ball
1-0: Ball
2-0: Called Strike
2-1: Foul Ball, location: 2F
2-2: Foul Ball, location: 2F
2-2: Grounds into double play, 1-4-3 (Groundball, P, EV 68.8 MPH)
Batting: SHB Joel Baker 0-0: Ball
1-0: SINGLE (Line Drive, 9S, EV 91.2 MPH)
Batting: LHB Chris Ringwood 0-0: Ball
1-0: Called Strike
1-1: Ball
2-1: Foul Ball, location: 2F
2-2: SINGLE (Groundball, 4MD, EV 94.4 MPH)
Joel Baker to second
Batting: LHB Bob Branham 0-0: Swinging Strike
0-1: Ball
1-1: Ball
2-1: Fly out, F8 (Flyball, 8LD, EV 90.0 MPH)
Bottom of the 3rd over - 0 runs, 3 hits, 0 errors, 2 left on base; Arizona 1 - Los Angeles 0
TOP OF THE 4TH
Arizona Diamondbacks batting - Pitching for Los Angeles Dodgers : RHP Ray Scifo
Batting: LHB Eric Klasek 0-0: Swinging Strike
0-1: Fly out, F8 (Line Drive, 8LD, EV 86.2 MPH)
Batting: SHB Alec Thorpe 0-0: Ball
1-0: Ball
2-0: Ball
3-0: Base on Balls
Batting: LHB Danny Dunham 0-0: Called Strike
0-1: Ball
1-1: Ball
2-1: Foul Ball, location: 2F
2-2: Fly out, F9 (Line Drive, 9, EV 97.5 MPH)
Batting: SHB Perry Tuckfard 0-0: Ball
1-0: Called Strike
1-1: Ball
2-1: Ball
3-1: Ground out 4-3 (Groundball, 4D, EV 98.8 MPH)
Top of the 4th over - 0 runs, 0 hits, 0 errors, 1 left on base; Arizona 1 - Los Angeles 0
BOTTOM OF THE 4TH
Los Angeles Dodgers batting - Pitching for Arizona Diamondbacks : RHP Art Nobles
Batting: LHB Lirak Bazhunaishvili 0-0: Foul Ball, location: 2F
0-1: Foul Ball, location: 2F
0-2: Fly out, F5 (Line Drive, 6, EV 66.2 MPH)
Batting: RHB Clay Buchanan 0-0: Fly out, F9 (Line Drive, 9D, EV 91.9 MPH)
Batting: SHB Carlos Rodriguez 0-0: Ground out 3-1 (Groundball, 34S, EV 83.1 MPH)
Bottom of the 4th over - 0 runs, 0 hits, 0 errors, 0 left on base; Arizona 1 - Los Angeles 0
TOP OF THE 5TH
Arizona Diamondbacks batting - Pitching for Los Angeles Dodgers : RHP Ray Scifo
Batting: LHB Kyle Beaulieu 0-0: Ball
1-0: Ball
2-0: Called Strike
2-1: Called Strike
2-2: Ground out 3-1 (Groundball, 34S, EV 83.1 MPH)
Batting: RHB Mario Soto 0-0: Called Strike
0-1: Called Strike
0-2: SOLO HOME RUN (Flyball, 78XD, EV 103.8 MPH), Distance : 409 ft
Batting: SHB Troy McClure 0-0: Foul Ball, location: 2F
0-1: Ball
1-1: Fly out, F7 (Flyball, 7S, EV 89.4 MPH)
Batting: LHB Roy Steigerwald 0-0: Ball
1-0: Ball
2-0: Foul Ball, location: 2F
2-1: Foul Ball, location: 2F
2-2: Strikes out swinging
Top of the 5th over - 1 run, 1 hit, 0 errors, 0 left on base; Arizona 2 - Los Angeles 0
BOTTOM OF THE 5TH
Los Angeles Dodgers batting - Pitching for Arizona Diamondbacks : RHP Art Nobles
Batting: LHB Ryan Taylor 0-0: Ball
1-0: Foul Ball, location: 2F
1-1: Ball
2-1: Foul Ball, location: 2F
2-2: Strikes out swinging
Batting: RHB Tsutomu Irie 0-0: Ball
1-0: Ground out 6-3 (Groundball, 56, EV 90.0 MPH)
Batting: RHB Ben Mischnick 0-0: Ball
1-0: SINGLE (Line Drive, 8RM, EV 88.8 MPH)
Batting: SHB Joel Baker 0-0: Fly out, F8 (Flyball, 78M, EV 88.8 MPH)
Bottom of the 5th over - 0 runs, 1 hit, 0 errors, 1 left on base; Arizona 2 - Los Angeles 0
TOP OF THE 6TH
Arizona Diamondbacks batting - Pitching for Los Angeles Dodgers : RHP Ray Scifo
Batting: RHB David Price Jr. 0-0: Ball
1-0: Called Strike
1-1: Ball
2-1: SINGLE (Line Drive, 89M, EV 108.1 MPH)
Batting: LHB Eric Klasek 0-0: Ball
1-0: 2-RUN HOME RUN (Flyball, 89XD, EV 104.4 MPH), Distance : 402 ft
Batting: SHB Alec Thorpe 0-0: Called Strike
0-1: Ball
1-1: Ball
2-1: Ball
3-1: Foul Ball, location: 2F
3-2: Ground out U3 (Groundball, 3L, EV 77.5 MPH)
Batting: LHB Danny Dunham 0-0: Ball
1-0: Called Strike
1-1: Ball
2-1: Fly out, F8 (Flyball, 89XD, EV 105.0 MPH)
Batting: SHB Perry Tuckfard 0-0: Foul Ball, location: 2F
0-1: Ground out 3-1 (Groundball, 34S, EV 89.4 MPH)
Top of the 6th over - 2 runs, 2 hits, 0 errors, 0 left on base; Arizona 4 - Los Angeles 0
BOTTOM OF THE 6TH
Los Angeles Dodgers batting - Pitching for Arizona Diamondbacks : RHP Art Nobles
Batting: LHB Chris Ringwood 0-0: Ball
1-0: Swinging Strike
1-1: SOLO HOME RUN (Flyball, 9D, EV 96.2 MPH), Distance : 369 ft
Batting: LHB Bob Branham 0-0: Ball
1-0: SINGLE (Line Drive, 6MD, EV 103.8 MPH)
Batting: LHB Lirak Bazhunaishvili 0-0: Called Strike
0-1: Ball
1-1: Grounds into double play, 4-6-3 (Groundball, 4, EV 86.2 MPH)
Batting: RHB Clay Buchanan 0-0: Ball
1-0: Called Strike
1-1: Ball
2-1: Foul Ball, location: 2F
2-2: Strikes out swinging
Bottom of the 6th over - 1 run, 2 hits, 0 errors, 0 left on base; Arizona 4 - Los Angeles 1
TOP OF THE 7TH
Arizona Diamondbacks batting - Pitching for Los Angeles Dodgers : RHP Ray Scifo
Batting: LHB Kyle Beaulieu 0-0: Called Strike
0-1: Foul Ball, location: 2F
0-2: Foul Ball, location: 2F
0-2: Ball
1-2: Foul Ball, location: 2F
1-2: SINGLE (Line Drive, 7S, EV 101.9 MPH)
Batting: RHB Mario Soto 0-0: Ball
1-0: Ground out 5-3 (Groundball, 56S, EV 71.2 MPH)
Kyle Beaulieu to second
Batting: SHB Troy McClure 0-0: Ball
1-0: Called Strike
1-1: Ball
2-1: DOUBLE (Line Drive, 78M, EV 97.5 MPH)
Kyle Beaulieu scores
Pitching: LHP Gabe Reyes
Batting: LHB Roy Steigerwald 0-0: Ball
1-0: Ball
2-0: Ball
Passed Ball!
Troy McClure to third
3-0: Called Strike
3-1: Base on Balls
Batting: RHB David Price Jr. 0-0: Ball
1-0: Called Strike
1-1: Ball
Wild Pitch!
Troy McClure scores
Roy Steigerwald to second
2-1: Ground out 6-3 (Groundball, 6, EV 88.1 MPH)
Roy Steigerwald to third
Batting: LHB Eric Klasek 0-0: Ball
1-0: Foul Ball, location: 2F
1-1: Foul Ball, location: 2F
1-2: Foul Ball, location: 2F
1-2: Ball
2-2: Fly out, F8 (Line Drive, 8LD, EV 91.2 MPH)
Top of the 7th over - 2 runs, 2 hits, 0 errors, 1 left on base; Arizona 6 - Los Angeles 1
BOTTOM OF THE 7TH
Los Angeles Dodgers batting - Pitching for Arizona Diamondbacks : RHP Art Nobles
Batting: SHB Carlos Rodriguez 0-0: Called Strike
0-1: Ball
1-1: Swinging Strike
1-2: Foul Ball, location: 2F
1-2: Strikes out swinging
Batting: LHB Ryan Taylor 0-0: Ground out 4-3 (Groundball, 4, EV 103.8 MPH)
Batting: RHB Tsutomu Irie 0-0: Foul Ball, location: 2F
0-1: Foul Ball, location: 2F
0-2: Strikes out looking
Bottom of the 7th over - 0 runs, 0 hits, 0 errors, 0 left on base; Arizona 6 - Los Angeles 1
TOP OF THE 8TH
Arizona Diamondbacks batting - Pitching for Los Angeles Dodgers : LHP Gabe Reyes
Batting: SHB Alec Thorpe 0-0: Called Strike
0-1: Fly out, F5 (Line Drive, 5, EV 68.1 MPH)
Batting: LHB Danny Dunham 0-0: Ball
1-0: Called Strike
1-1: Foul Ball, location: 2F
1-2: Ball
2-2: Fly out, F9 (Flyball, 89M, EV 88.8 MPH)
Batting: SHB Perry Tuckfard 0-0: Swinging Strike
0-1: Ball
1-1: Ball
2-1: Fly out, F7 (Flyball, 7, EV 78.1 MPH)
Top of the 8th over - 0 runs, 0 hits, 0 errors, 0 left on base; Arizona 6 - Los Angeles 1
BOTTOM OF THE 8TH
Los Angeles Dodgers batting - Pitching for Arizona Diamondbacks : RHP Art Nobles
Batting: RHB Ben Mischnick 0-0: Ball
1-0: Foul Ball, location: 2F
1-1: Called Strike
1-2: Ground out 6-3 (Groundball, 6, EV 84.4 MPH)
Batting: SHB Joel Baker 0-0: SOLO HOME RUN (Flyball, 7D, EV 96.9 MPH), Distance : 385 ft
Batting: LHB Chris Ringwood 0-0: Ball
1-0: Foul Ball, location: 2F
1-1: Foul Ball, location: 2F
1-2: Fly out, F5 (Popup, 5SF, EV 81.2 MPH)
Batting: LHB Bob Branham 0-0: Fly out, F5 (Popup, 5L, EV 69.4 MPH)
Bottom of the 8th over - 1 run, 1 hit, 0 errors, 0 left on base; Arizona 6 - Los Angeles 2
TOP OF THE 9TH
Arizona Diamondbacks batting - Pitching for Los Angeles Dodgers : LHP Gabe Reyes
Batting: LHB Kyle Beaulieu 0-0: Swinging Strike
0-1: Swinging Strike
0-2: Strikes out swinging
Batting: RHB Mario Soto 0-0: Ball
1-0: Ball
2-0: Called Strike
2-1: Ground out 6-3 (Groundball, 6, EV 100.6 MPH)
Batting: SHB Troy McClure 0-0: Ball
1-0: Foul Ball, location: 2F
1-1: Ground out 4-3 (Groundball, 4M, EV 98.8 MPH)
Top of the 9th over - 0 runs, 0 hits, 0 errors, 0 left on base; Arizona 6 - Los Angeles 2
BOTTOM OF THE 9TH
Los Angeles Dodgers batting - Pitching for Arizona Diamondbacks : RHP Art Nobles
Batting: LHB Lirak Bazhunaishvili 0-0: Fly out, F8 (Flyball, 8LD, EV 83.8 MPH)
Batting: RHB Clay Buchanan 0-0: Called Strike
0-1: Foul Ball, location: 2F
0-2: Ball
1-2: Ground out 6-3 (Groundball, 6, EV 102.5 MPH)
Batting: SHB Carlos Rodriguez 0-0: SOLO HOME RUN (Flyball, 89XD, EV 100.0 MPH), Distance : 398 ft
Batting: LHB Ryan Taylor 0-0: Ball
1-0: Ball
2-0: Called Strike
2-1: SOLO HOME RUN (Flyball, 9D, EV 95.0 MPH), Distance : 380 ft
Pitching: RHP Gerardo Camacho
Batting: RHB Tsutomu Irie 0-0: Called Strike
0-1: Ball
1-1: Ball
2-1: SOLO HOME RUN (Line Drive, 78XD, EV 109.4 MPH), Distance : 408 ft
Batting: RHB Ben Mischnick 0-0: Foul Ball, location: 2F
0-1: Ball
1-1: Foul Ball, location: 2F
1-2: Strikes out looking
Bottom of the 9th over - 3 runs, 3 hits, 0 errors, 0 left on base; Arizona 6 - Los Angeles 5
Thursday, March 31st , 2022 - OOTP Baseball 22.12 Build 89